 Dungeon Crawl Stone Soup version 0.31.0-9-g3a7656b989 (webtiles) character file.

Game seed: 2161169230006261548

5224 Peloso the Carver (level 10, -11/88 HPs)
             Began as a Minotaur Fighter on Jan 28, 2024.
             Was a Priest of Okawaru.
             Succumbed to orange demon's concentrated venom
             ... on level 8 of the Dungeon.
             The game lasted 00:12:21 (7473 turns).

Peloso the Carver (Minotaur Fighter)                Turns: 7473, Time: 00:12:22

Health: -11/88     AC: 16    Str: 20    XL:     10   Next: 35%
Magic:  18/18      EV:  9    Int:  5    God:    Okawaru [***...]
Gold:   708        SH: 11    Dex: 19    Spells: 9/9 levels left

rFire   . . .        a - +3 scimitar
rCold   + . .        d - +0 kite shield
rNeg    . . .        c - +1 chain mail
rPois   .            (helmet restricted)
rElec   .            (no cloak)
rCorr   .            (no gloves)
SInv    .            (no boots)
Will    .....        (no amulet) Stlth
                     l - +4 ring of protection
HPRegen 0.34/turn    y - ring "Kacwaukh" {rC+ MP+9 Dex+4}
MPRegen 0.16/turn

%: no passive effects
@: lethally poisoned (-11 -> -84), about to teleport, slowed, very slow
A: horns 2, retaliatory headbutt
a: Renounce Religion, Heroism


You were on level 8 of the Dungeon.
You worshipped Okawaru.
Okawaru was most pleased with you.
You visited 2 branches of the dungeon, and saw 9 of its levels.

You collected 708 gold pieces.

Inventory:

Hand Weapons
 a - a +3 scimitar (weapon)
Missiles
 o - a throwing net (quivered)
Armour
 b - a +0 scale mail
 c - a +1 chain mail (worn)
 d - a +0 kite shield (worn)
 D - a +0 pair of gloves
Jewellery
 h - a ring of see invisible
 i - a ring of poison resistance
 l - a +4 ring of protection (left hand)
 p - a ring of willpower
 y - the ring "Kacwaukh" (right hand) {rC+ MP+9 Dex+4}
   (You found it on level 5 of the Dungeon)

   [ring of magical power]

   Dex+4:     It affects your dexterity (+4).
   rC+:       It protects you from cold.
   MP+9:      It affects your magic capacity (+9).
 G - an amulet of guardian spirit
 H - the ring "Feonuidi" {Will+ Int+6}
   (You took it off a centaur on level 8 of the Dungeon)

   [ring of intelligence]

   Int+6:     It affects your intelligence (+6).
   Will+:     It increases your willpower.
Talismans
 C - a maw talisman
Wands
 w - a wand of digging (3)
 F - a wand of acid (10)
Scrolls
 f - a scroll of vulnerability
 g - 3 scrolls of enchant armour
 k - a scroll of blinking
 m - a scroll of revelation
 q - a scroll of poison {unknown}
 r - 5 scrolls of amnesia
 t - 2 scrolls of noise {unknown}
 u - 2 scrolls of fear {unknown}
 v - a scroll of enchant weapon
 x - a scroll of butterflies {unknown}
 E - 2 scrolls of immolation {unknown}
Potions
 j - a potion of heal wounds
 n - a potion of might
 s - 3 potions of enlightenment
 z - 3 potions of lignification
 A - a potion of invisibility
 B - a potion of attraction {unknown}
 I - a potion of curing {unknown}
 J - 2 potions of haste {unknown}


   Skills:
 + Level 8.3 Fighting
 + Level 11.7 Long Blades
 + Level 9.7 Armour
 + Level 4.0 Dodging
 + Level 0.6 Stealth
 + Level 7.8 Shields
 + Level 0.4 Invocations


You had 9 spell levels left.
You didn't know any spells.
Your spell library contained the following spells:

 Spells                   Type           Power      Damage    Failure   Level
 Anguish                  Hex/Necr       0%         N/A       100%        4
 Cause Fear               Hex            0%         N/A       100%        4
 Enfeeble                 Hex            0%         N/A       100%        7


Dungeon Overview and Level Annotations

Branches:
Dungeon (8/15)             Temple (1/1) D:4            Lair (0/5) D:8

Altars:
Ashenzari
Cheibriados
Dithmenos
Elyvilon
Fedhas
Gozag
Hepliaklqana
Kikubaaqudgha
Makhleb
Nemelex Xobeh
Okawaru
Qazlal
Ru
Sif Muna
Trog
Uskayaw
Vehumet
Wu Jian
Xom
Yredelemnul
Zin
The Shining One

Annotations:
D:8 Amaemon


Innate Abilities, Weirdness & Mutations

You have a pair of horns on your head.
You reflexively headbutt those who attack you in melee.


Message History

The orange demon stings you from afar!
You are more poisoned.
You have difficulty breathing.
You feel yourself slow down.
You slash Amaemon! Your headbutt misses Amaemon.
Amaemon is heavily wounded.
You feel like a meek peon again.
You feel extremely sick. Amaemon hits you but does no damage.
You are more poisoned.
Amaemon barely misses you.
Amaemon tail-slaps you but does no damage.
The orange demon stings you but does no damage.
You closely miss Amaemon. Your headbutt misses Amaemon.
Amaemon is heavily wounded.
You feel extremely sick.
Amaemon hits you with a -1 demon whip of venom!
You are lethally poisoned!
You block Amaemon's attack.
Amaemon tail-slaps you but does no damage.
The orange demon stings you but does no damage.
You completely miss Amaemon. Your headbutt misses Amaemon.
Amaemon is heavily wounded.
* * * LOW HITPOINT WARNING * * *
You feel extremely sick.
Amaemon hits you with a -1 demon whip of venom.
* * * LOW HITPOINT WARNING * * *
You are more poisoned.
Amaemon claws you but does no damage. Amaemon completely misses you.
The orange demon stings you from afar!
* * * LOW HITPOINT WARNING * * *
You are more poisoned.
You have difficulty breathing.
* * * LOW HITPOINT WARNING * * *
You feel as though you will be slow longer.
You block Amaemon's attack. Amaemon closely misses you.
Amaemon tail-slaps you but does no damage.
The orange demon barely misses you.
As you read the scroll of teleportation, it crumbles to dust.
You feel strangely unstable.
You die...

## .#
########.######
#..@64.#......#
#.####.#..{.<.#
#....#.#......#
####.#.{..6o(.#
########.###64....#
#......#.# ......#
#......#.###......#
#.....>#...########
#......#...#


You could see Amaemon and an orange demon (curare).

Vanquished Creatures
  A two-headed ogre (D:8)
  3 death yaks
  Psyche (D:8)
  Eustachio (D:4)
  A steam dragon (D:8)
  2 water moccasins
  An orc warrior (D:8)
  A sky beast (D:6)
  3 black bears
  An ice beast (D:7)
  3 ogres
  2 centaurs
  A phantom (D:6)
  A gnoll sergeant (D:6)
  A bullfrog (D:7)
  2 scorpions
  3 wights (D:7)
  2 bombardier beetles (D:6)
  A gnoll bouda (D:4)
  An orc priest (D:5)
  A hound (D:5)
  A jelly (D:5)
  5 iguanas
  5 orc wizards
  A sleepcap (D:6)
  3 hell rats
  6 gnolls
  4 adders
  3 river rats (D:8)
  A shadow imp (D:7)
  3 dart slugs
  5 ribbon worms
  24 orcs
  5 ball pythons
  8 endoplasms
  6 giant cockroaches
  8 goblins
  7 hobgoblins
  5 jackals (D:2)
  5 quokkas
  7 bats
  4 frilled lizards
  11 kobolds
  6 rats
166 creatures vanquished.

Notes
Turn   | Place    | Note
-------+----------+-------------------------------------------
     0 | D:1      | Peloso the Minotaur Fighter began the quest for the Orb.
     0 | D:1      | Reached XP level 1. HP: 19/19 MP: 0/0
    58 | D:1      | Reached XP level 2. HP: 16/27 MP: 1/1
   686 | D:1      | Reached XP level 3. HP: 29/33 MP: 2/2
  1150 | D:2      | Reached skill level 3 in Long Blades
  1157 | D:2      | Reached skill level 1 in Dodging
  1500 | D:2      | Reached XP level 4. HP: 40/40 MP: 3/3
  1909 | D:3      | HP: 1/40 [iguana (10)]
  2147 | D:3      | Found a shimmering altar of Xom.
  2225 | D:3      | Reached XP level 5. HP: 32/39 MP: 4/4
  2628 | D:4      | Found a hide-covered altar of Uskayaw.
  2702 | D:4      | Found a shadowy altar of Dithmenos.
  2809 | D:4      | Noticed an ogre
  2813 | D:4      | Killed an ogre
  2814 | D:4      | Reached skill level 5 in Fighting
  2814 | D:4      | Reached skill level 4 in Long Blades
  2814 | D:4      | Reached skill level 5 in Armour
  2868 | D:4      | Reached XP level 6. HP: 41/56 MP: 5/5
  3145 | D:4      | Noticed Eustachio
  3413 | D:4      | Found a staircase to the Ecumenical Temple.
  3419 | Temple   | Entered the Ecumenical Temple
  3515 | D:4      | Killed Eustachio
  3516 | D:4      | Reached skill level 5 in Long Blades
  3516 | D:4      | Reached skill level 5 in Shields
  3516 | D:4      | Reached XP level 7. HP: 36/61 MP: 6/6
  3773 | D:5      | Entered Level 5 of the Dungeon
  3872 | D:5      | Found an iron altar of Okawaru.
  3895 | D:5      | Became a worshipper of Warmaster Okawaru
  4278 | D:5      | Identified the ring "Kacwaukh" {rC+ MP+9 Dex+4}
  4479 | D:5      | Reached skill level 6 in Long Blades
  4602 | D:6      | Reached XP level 8. HP: 55/70 MP: 7/7
  5037 | D:6      | Reached * piety under Okawaru
  5189 | D:6      | Reached skill level 7 in Long Blades
  5816 | D:7      | Reached skill level 8 in Long Blades
  5965 | D:7      | Reached XP level 9. HP: 77/78 MP: 8/8
  6416 | D:8      | Noticed a death yak
  6491 | D:8      | Noticed Psyche
  6496 | D:8      | Killed Psyche
  6496 | D:8      | Reached ** piety under Okawaru
  6497 | D:8      | Reached skill level 9 in Long Blades
  6676 | D:8      | Noticed a two-headed ogre
  6689 | D:8      | Killed a two-headed ogre
  6762 | D:8      | Reached skill level 10 in Long Blades
  6863 | D:8      | Reached *** piety under Okawaru
  6908 | D:8      | Found a staircase to the Lair.
  6908 | D:8      | Identified the ring "Feonuidi" {Will+ Int+6}
  6980 | D:8      | Noticed a death yak
  6981 | D:8      | Noticed a death yak
  7022 | D:7      | Killed a death yak
  7023 | D:7      | Reached XP level 10. HP: 30/88 MP: 9/9
  7203 | D:7      | Killed a death yak
  7204 | D:7      | Reached skill level 11 in Long Blades
  7288 | D:8      | Killed a death yak
  7451 | D:8      | Noticed Amaemon
  7451 | D:8      | Noticed an orange demon
  7473 | D:8      | Succumbed to orange demon's concentrated venom

Illustrated notes

Levels and vault maps discovered:
D:1:      giann_forest_graveyard, layout_basic
D:2:      minmay_spotlight, layout_loops_ring
D:3:      layout_rooms, mainiacjoe_overflow_tiny_flanked,
          chequers_serial_rivers_room_a, st_stairs_5, dk_noncrumbling_2
D:4:      layout_rooms, mainiacjoe_overflow_catwalk, lemuel_round_altar,
          temple_green, serial_aquarium, aquarium_bridge_square
          [aquarium_subvault_bridge, aquarium_subvault_wall,
          aquarium_subvault_bridge, aquarium_subvault_window],
          aquarium_window_fake, aquarium_window_2, aquarium_window_1,
          aquarium_view_2c, aquarium_view_2f, kennysheep_cluttered_room,
          minmay_surrounded, uniq_eustachio
D:5:      layout_basic, okawaru_ov_weapons_minmay,
          chequers_serial_rivers_small_3
D:6:      layout_basic, nicolae_water_bricks, minmay_misc_feat_tiny
D:7:      layout_basic, grunt_decor_one_mirror, small_statue_intersection,
          minmay_gold_behind_fungi
D:8:      layout_basic, dpeg_lair_monsters, uniq_psyche, uniq_amaemon
Temple:   hc_temple_tempest_star

Skill      XL: |  1  2  3  4  5  6  7  8  9 10 |
---------------+-------------------------------+-----
Fighting       | 4 5 6 7 8 |  8.3
Armour         | 4 5 6 8 9 |  9.7
Shields        | 4 5 6 7 |  7.8
Long Blades    | 3 4 5 6 8 10 11 | 11.7
Dodging        | 1 2 3 4 |  4.0
Stealth        | |  0.6
Invocations    | |  0.4

Action                     |  1- 3 |  4- 6 |  7- 9 | 10-12 || total
---------------------------+-------+-------+-------+-------++-------
  Melee: Long sword        |   113 |   189 |   136 |       ||   438
         Headbutt          |    10 |    20 |    66 |     8 ||   104
         Scimitar          |       |       |   100 |    26 ||   126
 Invoke: Heroism           |       |       |     1 |     3 ||     4
    Use: Potion            |     6 |     1 |       |       ||     7
         Scroll            |       |     7 |     3 |     1 ||    11
 Armour: Scale mail        |    90 |    20 |       |       ||   110
         Chain mail        |       |   238 |   172 |    18 ||   428
  Dodge: Dodged            |    70 |   147 |   110 |    12 ||   339
  Block: Buckler           |    26 |    76 |    63 |       ||   165
         Kite shield       |       |       |    28 |    12 ||    40
